 Dungeon Crawl Stone Soup version 0.28.0-53-g5a82cb258f (webtiles) character file.

Game seed: 16583419361852744350

56 Sin92 the Skirmisher (level 3, -15/29 HPs)
             Began as a Demonspawn Fighter on June 7, 2022.
             Demolished by Sigmund
             ... wielding a +0 scythe
              (18 damage)
             ... on level 2 of the Dungeon.
             The game lasted 00:00:54 (1136 turns).

Sin92 the Skirmisher (Demonspawn Fighter)           Turns: 1136, Time: 00:00:55

Health: -15/29     AC:  6    Str: 16    XL:     3   Next: 71%
Magic:  3/3        EV:  9    Int:  9    God:
Gold:   43         SH:  5    Dex: 14    Spells: 2/2 levels left

rFire   . . .      SeeInvis .   a - +0 war axe
rCold   . . .      Faith    .   c - +0 buckler
rNeg    . . .      Spirit   .   b - +0 scale mail
rPois   .          Reflect  .   (no helmet)
rElec   .          Harm     .   (no cloak)
rCorr   .          Rampage  .   (no gloves)
Will    .....                   (no boots)
Stlth   ..........              (no amulet)
HPRegen 0.09/turn               (no ring)
MPRegen 0.08/turn               (no ring)

@: mighty
A: demonic guardian 1, weakness stinger 1
a: no special abilities


You were on level 2 of the Dungeon.
You visited 1 branch of the dungeon, and saw 2 of its levels.

You collected 43 gold pieces.

Inventory:

Hand Weapons
 a - a +0 war axe (weapon)
Armour
 b - a +0 scale mail (worn)
 c - a +0 buckler (worn)
Scrolls
 e - a scroll of blinking {unknown}
 f - a scroll of identify {unknown}
 g - a scroll of noise {unknown}


   Skills:
 + Level 3.3 Fighting
 + Level 2.2 Axes
 + Level 3.1 Armour
 + Level 1.1 Dodging
 + Level 3.1 Shields


You had 2 spell levels left.
You didn't know any spells.
Your spell library contained the following spells:

 Spells                   Type           Power      Damage    Failure   Level
 Freeze                   Ice            0%         1d3       88%         1
 Frozen Ramparts          Ice            0%         1d2       99%         3
 Hailstorm                Conj/Ice       0%         3d3       100%        4


Dungeon Overview and Level Annotations

Branches:
Dungeon (2/15)

Altars:

Annotations:
D:2 1 runed translucent door, Crazy Yiuf, Robin, Sigmund


Innate Abilities, Weirdness & Mutations

A weak demonic guardian rushes to your aid.
You have a small tail.


Message History

The goblin hits you with a +0 club. Sigmund hits you but does no damage.
The goblin closely misses you. x2; The goblin barely misses you.
There are monsters nearby!
The hobgoblin shouts!
You slash the goblin!
You kill the goblin!
You slash the goblin!
You kill the goblin!
You slash the goblin!
You kill the goblin!
You block Sigmund's attack. The goblin hits you with a +0 club.
A goblin comes into view. It is wielding a +0 club.
The goblin hits you but does no damage.
A goblin comes into view. It is wielding a +0 club. x2
You feel very mighty all of a sudden.
The goblin shouts!
Sigmund mumbles some strange words.
Sigmund flickers and vanishes!
Deactivating autopickup; reactivate with Ctrl-A.
Robin throws the goblin at you! The goblin hits you but does no damage.
You barely miss the goblin. You hit the goblin.
You kill the goblin!
The goblin barely misses you.
Unknown command.
You slash the goblin!
You kill the goblin!
Something hits you. Robin throws the goblin at you!
The goblin hits you but does no damage. x2
You miss the goblin. You barely miss the goblin. Something hits you!
* * * LOW HITPOINT WARNING * * *
The goblin hits you but does no damage. The goblin hits you with a +0 club.
* * * LOW HITPOINT WARNING * * *
A demonic guardian appears!
Robin flexes a bicep menacingly.
Unknown command.
You closely miss the goblin. You slash the goblin!
You kill the goblin!
You block the goblin's attack. Something hits you!!
Ouch! That really hurt!
You die...

#....# #....##########.#
#...###.........#
####..######...#
..........†...##
#############.### ###
#..5## ..# ###.)# #.##
##@# ...### #g#
#....######....gg{..g#
#...............gg.##ggg
#####.####......g.##
#####†####........#
.....)..###....?...
........##.........
........#.........##


You could see Robin, 2 hobgoblins, 3 goblins and a friendly white imp
(summoned).

Vanquished Creatures
  A gnoll (D:1)
  A dart slug (D:1)
  6 bats (D:1)
  An endoplasm (D:1)
  2 giant cockroaches
  10 goblins
  4 hobgoblins
  2 jackals (D:1)
  2 quokkas
  2 ball pythons (D:1)
  3 frilled lizards (D:1)
  4 kobolds (D:1)
  4 rats (D:1)
42 creatures vanquished.

Notes
Turn   | Place    | Note
-------+----------+-------------------------------------------
     0 | D:1      | Sin92 the Demonspawn Fighter began the quest for the Orb.
     0 | D:1      | Reached XP level 1. HP: 18/18 MP: 1/1
   193 | D:1      | Gained mutation: A weak demonic guardian rushes to your
                  | aid. [demonic ancestry]
   193 | D:1      | Reached XP level 2. HP: 22/24 MP: 2/2
   302 | D:1      | Found a faded altar of an unknown god.
   570 | D:1      | Reached skill level 1 in Dodging
   570 | D:1      | Gained mutation: You have a small tail. [demonic ancestry]
   570 | D:1      | Reached XP level 3. HP: 11/29 MP: 3/3
  1095 | D:2      | Found a runed translucent door.
  1096 | D:2      | Noticed Crazy Yiuf
  1125 | D:2      | Noticed Sigmund
  1126 | D:2      | Noticed Robin
  1136 | D:2      | Demolished by Sigmund

Illustrated notes

Levels and vault maps discovered:
D:1:      saegor_arrival_simple_c, layout_loops_cross, basic_ecumenical_altar
D:2:      layout_rooms, uniq_robin, uniq_crazy_yiuf_cottage, uniq_sigmund

Skill      XL: |  1  2 |
---------------+-------+-----
Axes           | 2 |  2.2
Armour         | 3 |  3.1
Dodging        | 1 |  1.1
Shields        | 3 |  3.1
Fighting       | |  3.3

Action                   || total
-------------------------++-------
Melee: War axe           ||    88
       Tailslap          ||     3
  Use: Potion            ||     1
Armor: Scale mail        ||    70
Dodge: Dodged            ||    56
Block: Buckler           ||    35
